 Dungeon Crawl Stone Soup version 0.18.1-50-g88ac8fd (webtiles) character file.

976 Gianozzolo the Gusty (level 7, -8/41 HPs)
             Began as a High Elf Air Elementalist on Nov 10, 2017.
             Shot with an arrow by a centaur (11 damage)
             ... on level 5 of the Dungeon.
             The game lasted 00:19:05 (4891 turns).

Gianozzolo the Gusty (High Elf Air Elementalist)    Turns: 4891, Time: 00:19:07

Health: -8/41      AC:  6    Str:  7    XL:     7   Next: 95%
Magic:  9/14       EV:  7    Int: 20    God:
Gold:   236        SH:  0    Dex: 17    Spells: 5 memorised, 1 level left

rFire  . . .     SeeInvis .     k - +0 spear
rCold  . . .     Gourm    .     j - +0 leather armour (curse)
rNeg   . . .     Faith    .     (no shield)
rPois  .         Spirit   .     s - +2 hat
rElec  .         Dismiss  .     t - +0 cloak
rCorr  .         Reflect  .     (no gloves)
SustAt .         Harm     .     (no boots)
MR     .....                    (no amulet)
Stlth  ++........               (no ring)
                                (no ring)

@: not resistant to hostile enchantments, unstealthy
A: no striking features
a: no special abilities


You were on level 5 of the Dungeon.
You were not hungry.

You visited 1 branch of the dungeon, and saw 5 of its levels.
You also visited: Sewer.

You collected 236 gold pieces.

Inventory:

Hand Weapons
 k - a +0 spear (weapon)
Armour
 a - a +0 robe
 j - a cursed +0 leather armour (worn)
 s - a +2 hat (worn)
 t - a +0 cloak (worn)
Scrolls
 d - 8 scrolls of identify {unknown}
 e - a scroll of teleportation {unknown}
 m - a scroll of enchant weapon {unknown}
 n - 2 scrolls of enchant armour {unknown}
 o - 3 scrolls of remove curse {unknown}
 p - a scroll of blinking {unknown}
 u - 2 scrolls of fog {unknown}
 y - a scroll of amnesia {unknown}
Potions
 f - 4 potions of invisibility {unknown}
 g - 2 potions of lignification {unknown}
 i - a potion of magic {unknown}
 l - a potion of cure mutation {unknown}
 r - a potion of degeneration {unknown}
 v - a potion of berserk rage {unknown}
 x - a potion of curing {unknown}
Books
 b - a book of Air

   Spells                             Type                      Level
   a - Shock                          Conjuration/Air              1
   b - Swiftness                      Charms/Air                   2
   c - Repel Missiles                 Charms/Air                   2
   d - Static Discharge               Conjuration/Air              3
   e - Lightning Bolt                 Conjuration/Air              5
Comestibles
 c - 2 bread rations
 h - 2 meat rations
 q - 2 fruits
 w - 3 chunks of flesh


   Skills:
 - Level 2.1 Dodging
 - Level 2.1 Stealth
 + Level 4.1 Spellcasting
 * Level 7.1 Conjurations
 * Level 7.6 Air Magic


You had one spell level left.
You knew the following spells:

 Your Spells              Type           Power        Failure   Level  Hunger
a - Shock                 Conj/Air       ####         1%          1    None
b - Swiftness             Chrm/Air       ###.....     10%         2    #......
c - Static Discharge      Conj/Air       ####....     3%          3    ###....
d - Repel Missiles        Chrm/Air       ###...       10%         2    #......
e - Lightning Bolt        Conj/Air       ####......   30%         5    ######.


Dungeon Overview and Level Annotations

Branches:
Dungeon (5/15)
 Temple: D:4-7

Altars:
Ashenzari
Pakellas
Qazlal

Annotations:
D:4 Sigmund


Message History

The centaur shoots an arrow.
The arrow barely misses you.
The centaur shoots an arrow.
The arrow hits you.
You see here 3 arrows.
The centaur shoots an arrow.
The arrow hits you!
You see here an arrow.
The centaur shoots an arrow.
The arrow barely misses you.
The centaur shoots an arrow.
The arrow barely misses you.
You see here an arrow.
The centaur shoots an arrow.
The arrow hits you!
* * * LOW HITPOINT WARNING * * *
The centaur shoots an arrow.
The arrow closely misses you.
You see here 2 arrows.
The centaur shoots an arrow.
The arrow barely misses you.
The centaur shoots an arrow.
The arrow hits you!
* * * LOW HITPOINT WARNING * * *
Your magical contamination has completely faded away.
You see here an arrow.
There is a stone staircase leading up here.
The centaur shoots an arrow.
The arrow hits you!
You die...

###.......##.##≈≈##..###
#.........##..#≈≈#......
#.........##.##''##.####
#........###.#≈.≈≈#.#
#........##..######.#
.#......####.........#
...................##
##......############
#......@......)...######
..#........######........
. #..#...#(######..#####.
.......(...c(.c...>...#.
......)..#.######..###.#.
.....#...#.# #..#...#.
.....#...#.######.(#.###.
...........(c.(.....#...
.######(###########.##


You could see a centaur.

Vanquished Creatures
  Grinder (D:3)
  A phantom (D:4)
  The ghost of casual the Chopper, an amateur DsFi (D:3)
  An ogre (D:3)
  A crocodile (Sewer)
  A giant frog zombie (D:5)
  Crazy Yiuf (D:2)
  An orc priest (D:4)
  An orc wizard (D:4)
  Natasha (thrice) (D:2)
  An iguana (D:4)
  A worker ant (D:4)
  A hound skeleton (D:4)
  8 adders
  A river rat (D:5)
  An ooze (D:2)
  3 worms
  6 dart slugs
  2 giant geckos
  10 orcs
  2 ball pythons
  6 giant cockroaches
  6 goblins
  12 hobgoblins
  2 jackals (Sewer)
  15 kobolds
  6 quokkas
  6 bats
  3 giant newts
  A jackal skeleton (D:4)
  9 rats
114 creatures vanquished.

Notes
Turn   | Place    | Note
--------------------------------------------------------------
     0 | D:1      | Gianozzolo the High Elf Air Elementalist began the quest for the Orb.
     0 | D:1      | Reached XP level 1. HP: 11/11 MP: 4/4
   193 | D:1      | Reached XP level 2. HP: 17/17 MP: 1/6
   216 | D:1      | Learned a level 2 spell: Swiftness
   657 | D:1      | Reached XP level 3. HP: 21/21 MP: 0/7
   662 | D:1      | Learned a level 3 spell: Static Discharge
  1191 | D:2      | Reached XP level 4. HP: 24/27 MP: 2/8
  1235 | D:2      | Noticed Natasha
  1238 | D:2      | Killed Natasha
  1543 | D:2      | Noticed Natasha
  1547 | D:2      | Killed Natasha
  1620 | D:2      | Noticed Crazy Yiuf
  1645 | D:2      | Killed Crazy Yiuf
  1645 | D:2      | Reached skill level 5 in Conjurations
  1645 | D:2      | Reached XP level 5. HP: 25/31 MP: 2/9
  1841 | D:3      | Noticed an ogre
  2016 | D:2      | Noticed Natasha
  2022 | D:2      | Killed Natasha
  2022 | D:2      | Reached skill level 5 in Air Magic
  2253 | D:3      | Killed an ogre
  2253 | D:3      | Reached XP level 6. HP: 36/36 MP: 4/10
  2358 | D:3      | Learned a level 2 spell: Repel Missiles
  2372 | D:3      | Noticed casual's ghost (amateur DsFi)
  2516 | D:3      | Killed casual's ghost
  3078 | D:3      | Found a stormy altar of Qazlal.
  3335 | D:3      | Found an oddly glowing altar of Pakellas.
  3676 | D:4      | Noticed Sigmund
  3740 | D:4      | Noticed Grinder
  3742 | D:4      | Paralysed by Grinder for 6 turns
  3961 | D:3      | Killed Grinder
  3961 | D:3      | Reached XP level 7. HP: 35/41 MP: 0/13
  3968 | D:3      | Learned a level 5 spell: Lightning Bolt
  4172 | D:4      | Found a shattered altar of Ashenzari.
  4501 | D:5      | Entered Level 5 of the Dungeon
  4542 | D:5      | Found a glowing drain.
  4546 | Sewer    | Entered a sewer
  4891 | D:5      | Shot with an arrow by a centaur

Skill      XL: |  1  2  3  4  5  6  7 |
---------------+----------------------+-----
Conjurations   | 2 3 4 5 6 7 |  7.1
Air Magic      | 4 5 6 7 |  7.6
Spellcasting   | 3 4 |  4.1
Dodging        | |  2.1
Stealth        | |  2.1

Action                   |  1- 3 |  4- 6 |  7- 9 || total
-------------------------+-------+-------+-------++-------
Melee: Spear             |    21 |    71 |    31 ||   123
 Cast: Shock             |    69 |    88 |    29 ||   186
       Static Discharge  |       |    22 |     6 ||    28
       Repel Missiles    |       |     1 |     1 ||     2
       Swiftness         |       |       |     1 ||     1
 Stab: Sleeping          |     1 |     2 |     1 ||     4
  Eat: Chunk             |     1 |    10 |       ||    11
       Bread ration      |       |     1 |       ||     1
Armor: Leather armour    |    11 |    19 |    10 ||    40
Dodge: Dodged            |    26 |    61 |    47 ||   134
       Deflected         |       |     2 |     1 ||     3
